 Dungeon Crawl Stone Soup version 0.22-a0-525-gf69a080 (webtiles) character file.

53 iamserjio the Stinger (level 3, -1/24 HPs)
             Began as an Octopode Wanderer on June 20, 2018.
             Slain by a leopard gecko (2 damage)
             ... on level 2 of the Dungeon.
             The game lasted 00:02:58 (1765 turns).

iamserjio the Stinger (Octopode Wanderer)           Turns: 1765, Time: 00:02:59

Health: -1/24      AC:  1    Str: 10    XL:     3   Next: 89%
Magic:  4/4        EV: 12    Int: 14    God:
Gold:   62         SH:  0    Dex: 13    Spells: 4/4 levels left

rFire    . . .     SeeInvis .   d - +0 dagger
rCold    . . .     Gourm    .   (no shield)
rNeg     . . .     Faith    .   (helmet restricted)
rPois    .         Spirit   .   (no amulet)
rElec    .         Reflect  .   (no ring)
rCorr    .         Harm     .   (no ring)
MR       .....                  (no ring)
Stlth    ++........             (no ring)
HPRegen  0.08/turn              (no ring)
MPRegen  0.09/turn              (no ring)
                                (no ring)
                                (no ring)

@: lethally poisoned (-1 -> -3)
A: almost no armour, stealthy swim, amphibious, 8 rings, constrict 8, camouflage
1, gelatinous body 1
a: no special abilities


You were on level 2 of the Dungeon.
You were near starving.

You visited 1 branch of the dungeon, and saw 2 of its levels.

You collected 62 gold pieces.

Inventory:

Hand Weapons
 d - a +0 dagger (weapon)
Missiles
 i - a throwing net (quivered) {!f}
 m - 30 stones
Jewellery
 a - a cursed -3 ring of strength {unknown}
Scrolls
 c - a scroll of teleportation
 j - 2 scrolls of identify {unknown}
 k - 3 scrolls of remove curse {unknown}
 l - a scroll of fear {unknown}
Potions
 b - 2 potions of curing {@q1}
 e - a potion of agility {unknown}
 g - a potion of invisibility {unknown}
 h - 2 potions of might {unknown}
 n - a potion of resistance {unknown}
Comestibles
 f - 4 rations


   Skills:
 + Level 1.7 Fighting
 * Level 2.7 Unarmed Combat
 - Level 1.0 Spellcasting
   Level 1.0 Hexes
   Level 2.0 Summonings
   Level 4.8 Poison Magic
   Level 2.1 Evocations


You had 4 spell levels left.
You didn't know any spells.
Your spell library contained the following spells:

 Spells                   Type           Power        Failure   Level  Hunger
 Magic Dart               Conj           #...         26%         1    ##.....
 Conjure Flame            Conj/Fire      #.......     61%         3    ####...
 Slow                     Hex            #.......     26%         2    ###....
 Mephitic Cloud           Conj/Pois/Air  #.......     38%         3    ####...
 Blink                    Tloc           N/A          36%         2    ###....
 Call Imp                 Summ           #.......     17%         2    ###....


Dungeon Overview and Level Annotations

Branches:
Dungeon (2/15)

Altars:


Innate Abilities, Weirdness & Mutations

You cannot wear most types of armour.
You are very stealthy in the water. (Stealth+)
You are amphibious.
You can wear up to eight rings at the same time.
You can use your tentacles to constrict eight enemies at once.
Your skin changes colour to match your surroundings (Stealth+).
Your rubbery body absorbs attacks. (AC +1, EV +1)


Message History

You completely miss the adder. Your grab misses the adder.
The adder is moderately wounded.
You feel sick. The adder barely misses you.
You miss the adder. You grab the adder.
The adder is moderately wounded.
You constrict the adder. The adder misses you.
You hit the adder. Your squeeze misses the adder.
The adder is severely wounded.
You constrict the adder.
You feel sick. The adder barely misses you.
You barely miss the adder.
The adder is almost dead.
You constrict the adder.
You kill the adder!
You closely miss the leopard gecko. Your grab misses the leopard gecko.
The leopard gecko bites you.
* * * LOW HITPOINT WARNING * * *
You miss the leopard gecko. Your grab misses the leopard gecko.
* * * LOW HITPOINT WARNING * * *
You feel sick. The leopard gecko bites you.
You die...

#........#
#####.####
#.# #.#
#.# #.#
#.# #.#
#@# . ##l#
. ##..#
#..##
#.....#
........#
#####...#
#.### ..


You could see a leopard gecko.

Vanquished Creatures
  2 adders (D:2)
  2 dart slugs (D:1)
  7 goblins
  3 hobgoblins (D:1)
  2 jackals (D:1)
  4 bats (D:1)
  3 frilled lizards
  6 kobolds (D:1)
  2 rats (D:1)
31 creatures vanquished.

Notes
Turn   | Place    | Note
-------+----------+-------------------------------------------
     0 | D:1      | iamserjio the Octopode Wanderer began the quest for the Orb.
     0 | D:1      | iamserjio set off with: a potion of curing {@q1}, a scroll of teleportation, a +0 dagger, a ration
     0 | D:1      | Reached XP level 1. HP: 11/11 MP: 2/2
   207 | D:1      | Reached skill level 1 in Unarmed Combat
   382 | D:1      | Reached XP level 2. HP: 11/18 MP: 3/3
   549 | D:1      | Reached skill level 1 in Fighting
  1147 | D:1      | Reached XP level 3. HP: 17/23 MP: 4/4
  1765 | D:2      | HP: 1/24 [poisoned by an adder]
  1765 | D:2      | Slain by a leopard gecko

Vault maps used:
D:1:      shiori_arrival_oz, minmay_misc_feat_tiny, minmay_cut_off

Skill      XL: |  1  2 |
---------------+-------+-----
Unarmed Combat | 1 2 |  2.7
Fighting       | 1 |  1.7
Spellcasting   | |  1.0
Hexes          | |  1.0
Summonings     | |  2.0
Poison Magic   | |  4.8
Evocations     | |  2.1

Action                   || total
-------------------------++-------
Melee: Dagger            ||    88
       Constrict         ||    24
       Tentacles         ||    11
       Punch             ||     1
 Stab: Sleeping          ||     4
  Eat: Chunk             ||     1
Armor: Skin              ||    14
Dodge: Dodged            ||    48

Table legend:
 A = Spawn XP
 B = Non-spawn XP
 C = Spawn XP percentage of total XP
 D = Spawn monster count
 E = Non-spawn monster count
 F = Spawn count percentage of total count
 G = Total turns spent on level
                    A         B        C        D         E        F      G
               +---------+---------+-------+---------+---------+-------+---------
         Total |       0 |      77 |   0.0 |       0 |      31 |   0.0 |  1765
               +---------+---------+-------+---------+---------+-------+---------
           D:1 |       0 |      48 |   0.0 |       0 |      27 |   0.0 |  1481
           D:2 |       0 |      29 |   0.0 |       0 |       4 |   0.0 |   284
               +---------+---------+-------+---------+---------+-------+---------
